 Dungeon Crawl Stone Soup version 0.30-a0-341-g682706514a (webtiles) character file.

Game seed: 7484778611457920631

367 JoshKwa the Gusty (level 6, -6/47 HPs)
             Began as a Draconian Air Elementalist on Nov 2, 2022.
             Was a Believer of Lugonu.
             Mangled by an orc warrior
             ... wielding a +0 hand axe
              (9 damage)
             ... on level 5 of the Dungeon.
             The game lasted 00:29:55 (4359 turns).

JoshKwa the Gusty (Draconian Air Elementalist)      Turns: 4359, Time: 00:29:55

Health: -6/47      AC:  7    Str: 10    XL:     6   Next: 41%
Magic:  3/11       EV: 12    Int: 24    God:    Lugonu [**....]
Gold:   173        SH:  0    Dex: 11    Spells: 2/12 levels left

rFire   . . .      SeeInvis .    d - +1 dagger (vorpal)
rCold   . . .      Faith    .    (no shield)
rNeg    . . .      Spirit   .    (body armour unavailable)
rPois   .          Reflect  .    (helmet restricted)
rElec   .          Harm     .    b - +0 cloak
rCorr   +          Rampage  .    (no gloves)
Will    .....                    (no boots)
Stlth   ++........               (no amulet)
HPRegen 0.27/turn                c - +6 ring of intelligence
MPRegen 0.12/turn                h - ring of resist corrosion

@: no status effects
A: AC +6, unfitting armour, cold-blooded
a: Renounce Religion, Depart the Abyss, Banish


You were on level 5 of the Dungeon.
You worshipped Lugonu.
Lugonu was pleased with you.
You visited 1 branch of the dungeon, and saw 5 of its levels.
You also visited: Ossuary.

You collected 173 gold pieces.

Inventory:

Hand Weapons
 d - a +1 vorpal dagger (weapon)
Armour
 b - a +0 cloak (worn)
Jewellery
 c - a +6 ring of intelligence (left hand)
 h - a ring of resist corrosion (right hand)
 i - a ring of magical power


   Skills:
 + Level 1.0 Fighting
 + Level 1.3 Short Blades
 + Level 3.0 Dodging
 + Level 2.3 Stealth
 * Level 3.9 Spellcasting
 + Level 2.6 Conjurations
 + Level 3.9 Air Magic


You had 2 spell levels left.
You knew the following spells:

 Your Spells              Type           Power      Damage    Failure   Level
a - Shock                 Conj/Air       80%        1d8       2%          1
b - Static Discharge      Conj/Air       40%        2-4/arc   3%          2
c - Swiftness             Air            23%        N/A       6%          3
d - Airstrike             Air            11%        2d(2-18)  19%         4

Your spell library contained the following spells:

 Spells                   Type           Power      Damage    Failure   Level


Dungeon Overview and Level Annotations

Branches:
Dungeon (5/15)             Temple (0/1) D:4         Ossuary (visited)

Altars:
Elyvilon
Fedhas
Gozag
Uskayaw
Lugonu

Shops:
D:1 [

Annotations:
D:4 2 transporters, DeathPants's ghost, amateur MiGl


Innate Abilities, Weirdness & Mutations

Your plain brown scales are hard. (AC +6)
You cannot fit into any form of body armour.
You are cold-blooded and may be slowed by cold attacks.


Message History

As you read the scroll labelled IWEFER MONGUASM, it crumbles to dust.
It is a scroll of enchant weapon.
Your +0 vorpal dagger glows red for a moment.
An orc wizard comes into view. It is wielding a +0 dagger.
The orc warrior hits you with a +0 hand axe.
The orc shouts!
You hit the orc warrior but do no damage.
You tail-slap the orc warrior, but do no damage.
The orc warrior is severely wounded.
The orc priest casts a cantrip, but nothing happens.
The orc warrior hits you with a +0 hand axe!
You hit the orc warrior.
The orc warrior is almost dead.
The orc warrior completely misses you. The orc priest barely misses you.
You closely miss the orc priest. The orc priest barely misses you.
The orc warrior hits you with a +0 hand axe!
You aren't in the Abyss!
You don't have enough magic at the moment.
The orc priest attacks as you move away!
The orc priest barely misses you. The orc priest closely misses you.
The orc warrior hits you with a +0 hand axe.
The orc barely misses you.
The orc wizard gestures wildly while chanting.
The orc wizard flickers and vanishes!
Deactivating autopickup; reactivate with Ctrl-A.
Casting: Static Discharge (safe; 3% risk of failure)
Confirm with . or Enter, or press ? or * to list all spells.
You don't have enough magic to cast this spell.
An adder comes into view.
The orc hits you with a +0 mace.
* * * LOW HITPOINT WARNING * * *
The orc priest casts a cantrip, but nothing happens.
You hear some strange, mumbled words.
A puff of flame appears from out of thin air!
The puff of flame hits you!
* * * LOW HITPOINT WARNING * * *
The orc warrior attacks as you move away!
The orc warrior hits you with a +0 hand axe!
You die...

##. #.. ...####
#.# ....... ##.##
....... #...#
....... #...#
.......###...####
.......?o.......#
.......@o..o....#
...S.....{......#
.##########...####
.o #### #...# ..
..# #)..# .[##.
#.# ##.##
......#.####.#
.......<.....#
.....##.######


You could see an orc warrior, an orc priest, an adder and an orc.

Vanquished Creatures
  A scorpion (D:4)
  2 iguanas (D:4)
  3 orc wizards (D:4)
  2 mummies (Ossuary)
  A gnoll (D:1)
  6 adders
  A worm (D:2)
  3 dart slugs
  14 orcs
  4 endoplasms
  2 giant cockroaches (D:3)
  11 goblins
  5 hobgoblins
  6 jackals (D:4)
  3 quokkas
  4 ball pythons
  A bat (D:3)
  2 frilled lizards (D:2)
  3 kobolds
  2 quokka zombies (D:4)
  5 rats
81 creatures vanquished.

Vanquished Creatures (others)
  A demonic plant (D:3)
  A fungus (D:3)
  2 withered plants (D:3)
4 creatures vanquished.

Grand Total: 85 creatures vanquished

Notes
Turn   | Place    | Note
-------+----------+-------------------------------------------
     0 | D:1      | JoshKwa the Draconian Air Elementalist began the quest for
                  | the Orb.
     0 | D:1      | Reached XP level 1. HP: 14/14 MP: 3/3
   235 | D:1      | Reached XP level 2. HP: 20/20 MP: 1/5
   238 | D:1      | Learned a level 2 spell: Static Discharge
   350 | D:1      | Found Vuabluf's Antique Armour Emporium.
   487 | D:1      | Reached XP level 3. HP: 11/26 MP: 0/6
  1722 | D:3      | Reached XP level 4. HP: 33/33 MP: 0/8
  1731 | D:3      | Learned a level 3 spell: Swiftness
  1860 | D:3      | Found a faded altar of an unknown god.
  1868 | D:3      | Prayed at the altar of an unknown god.
  1868 | D:3      | Became a worshipper of Lugonu the Unformed
  1868 | D:3      | Reached * piety under Lugonu
  1868 | D:3      | Reached ** piety under Lugonu
  2011 | D:3      | Found a blossoming altar of Fedhas.
  2013 | D:3      | Found a white marble altar of Elyvilon.
  2013 | D:3      | Found an opulent altar of Gozag.
  2235 | D:4      | Reached XP level 5. HP: 39/39 MP: 9/9
  2264 | D:4      | Reached skill level 1 in Short Blades
  2320 | D:4      | Found a sand-covered staircase.
  2331 | Ossuary  | Entered an ossuary
  3467 | D:4      | Noticed a +0 dagger
  3476 | D:4      | Noticed a +0 dagger
  3479 | D:4      | Found a hide-covered altar of Uskayaw.
  3720 | D:4      | Noticed DeathPants's ghost (amateur MiGl)
  3732 | D:4      | Found a transporter.
  3735 | D:4      | Found a transporter.
  3742 | D:4      | Reached XP level 6. HP: 42/46 MP: 8/11
  3749 | D:4      | Learned a level 4 spell: Airstrike
  3758 | D:4      | Found a staircase to the Ecumenical Temple.
  4095 | D:4      | Reached skill level 1 in Fighting
  4329 | D:5      | Entered Level 5 of the Dungeon
  4329 | D:5      | Noticed an orc warrior
  4359 | D:5      | Mangled by an orc warrior

Illustrated notes

Levels and vault maps discovered:
D:1:      amcnicky_arrival_flooded_fountain, layout_loops_ring, serial_shops,
          shop, hangedman_decor_push
D:2:      layout_basic
D:3:      layout_loops_ring, gammafunk_temple_overflow_forgotten,
          shapermc_ecumenical_altar_gd, nicolae_elevator_lobby_plus
D:4:      layout_layer_cave, dancing_weapons_uskayaw,
          minmay_temple_entry_overgrown, enter_ossuary_4, gammafunk_ghost_arena
D:5:      layout_loops_cross, okawaru_trees_1, gammafunk_ghost_stat_death

Skill      XL: |  1  2  3  4  5  6 |
---------------+-------------------+-----
Dodging        | 2 3 |  3.0
Stealth        | 2 |  2.3
Spellcasting   | 3 |  3.9
Conjurations   | 2 |  2.6
Short Blades   | 1 |  1.3
Fighting       | 1 |  1.0
Air Magic      | |  3.9

Action                   |  1- 3 |  4- 6 || total
-------------------------+-------+-------++-------
Melee: Club              |     3 |       ||     3
       Unarmed           |     3 |       ||     3
       Tailslap          |    13 |    15 ||    28
       Dagger            |    83 |   105 ||   188
       Punch             |     1 |       ||     1
 Cast: Shock             |    58 |    54 ||   112
       Static Discharge  |       |    14 ||    14
       Swiftness         |       |     1 ||     1
       Airstrike         |       |     1 ||     1
  Use: Potion            |     1 |     6 ||     7
       Scroll            |     6 |     3 ||     9
 Stab: Sleeping          |       |     1 ||     1
Armor: Skin              |    27 |    51 ||    78
Dodge: Dodged            |    78 |    89 ||   167

Table legend: (Time is in decaauts)
 A = Elapsed time spent in this place.
 B = Non-inter-level travel time spent in this place.
 C = Inter-level travel time spent in this place.
 D = Time resting spent in this place.
 E = Time spent auto-exploring this place.
 F = Levels seen in this place.
 G = Mean time per level.
                   A        B        C        D        E       F      G
               +--------+--------+--------+--------+--------+-----+--------+
         Total |   4349 |   4094 |    255 |   1093 |      0 |   6 |  724.8 |
       Dungeon |   4335 |   4080 |    255 |   1093 |      0 |   5 |  867.0 |
       Ossuary |     14 |     14 |      0 |      0 |      0 |   1 |   14.0 |
               +--------+--------+--------+--------+--------+-----+--------+

Top non-repeatable levels by time:
     D:4: 2129 daAuts
     D:2: 890 daAuts
     D:1: 705 daAuts
     D:3: 580 daAuts
     D:5: 29 daAuts
 Ossuary: 14 daAuts
